 Dungeon Crawl Stone Soup version 0.19.5 (webtiles) character file.

62 McKennaii the Firebug (level 3, -2/19 HPs)
             Began as a Deep Elf Fire Elementalist on May 7, 2017.
             Slain by a centaur zombie (5 damage)
             ... on level 3 of the Dungeon.
             The game lasted 00:04:06 (1836 turns).

McKennaii the Firebug (Deep Elf Fire Elementalist)  Turns: 1836, Time: 00:04:06

Health: -2/19      AC:  3    Str:  5    XL:     3   Next: 85%
Magic:  0/10       EV: 13    Int: 20    God:
Gold:   170        SH:  0    Dex: 15    Spells: 3 memorised, 3 levels left

rFire  . . .     SeeInvis .     (no weapon)
rCold  . . .     Gourm    .     a - +0 robe
rNeg   . . .     Faith    .     (no shield)
rPois  .         Spirit   .     l - +0 helmet
rElec  .         Reflect  .     (no cloak)
rCorr  .         Harm     .     (no gloves)
MR     .....                    (no boots)
Stlth  ++........               (no amulet)
                                (no ring)
                                (no ring)

@: very slightly contaminated
A: no striking features
a: no special abilities


You were on level 3 of the Dungeon.
You were hungry.

You visited 1 branch of the dungeon, and saw 3 of its levels.

You collected 170 gold pieces.

Inventory:

Armour
 a - a +0 robe (worn)
 l - a +0 helmet (worn)
Scrolls
 d - 2 scrolls of fear {unknown}
 e - 2 scrolls of enchant armour {unknown}
 f - 3 scrolls of identify {unknown}
 i - a scroll of amnesia {unknown}
 m - a scroll of fog {unknown}
 n - a scroll of enchant weapon {unknown}
 o - a scroll of teleportation {unknown}
 q - 2 scrolls of remove curse {unknown}
Potions
 j - 2 potions of degeneration {unknown}
 k - 2 potions of agility {unknown}
 r - a potion of brilliance {unknown}
Books
 b - a book of Flames

   Spells                             Type                      Level
   a - Flame Tongue                   Conjuration/Fire             1
   b - Throw Flame                    Conjuration/Fire             2
   c - Conjure Flame                  Conjuration/Fire             3
   d - Inner Flame                    Hexes/Fire                   3
   e - Sticky Flame                   Conjuration/Fire             4
   f - Fireball                       Conjuration/Fire             5
 p - a book of Minor Magic

   Spells                             Type                      Level
   a - Magic Dart                     Conjuration                  1
   b - Blink                          Translocation                2
   c - Call Imp                       Summoning                    2
   d - Repel Missiles                 Charms/Air                   2
   e - Slow                           Hexes                        2
   f - Conjure Flame                  Conjuration/Fire             3
   g - Mephitic Cloud                 Conjuration/Poison/Air       3
Comestibles
 c - a bread ration
 g - a meat ration
 h - 2 beef jerkies


   Skills:
 + Level 2.6 Dodging
 + Level 2.6 Stealth
 + Level 3.9 Spellcasting
 + Level 2.0 Conjurations
 + Level 4.2 Fire Magic


You had 3 spell levels left.
You knew the following spells:

 Your Spells              Type           Power        Failure   Level  Hunger
a - Flame Tongue          Conj/Fire      ###..        3%          1    None
b - Throw Flame           Conj/Fire      ###...       6%          2    ##.....
c - Conjure Flame         Conj/Fire      ###.....     12%         3    ###....


Dungeon Overview and Level Annotations

Branches:
Dungeon (3/15)

Altars:
Nemelex Xobeh
Sif Muna
Xom


Message History

The centaur zombie is heavily damaged.
The centaur zombie hits you.
Casting: Flame Tongue
Confirm with . or Enter, or press ? or * to list all spells.
Aiming: Flame Tongue
Press: ? - help, Shift-Dir - straight line, f/p - centaur zombie
Aim: a centaur zombie (heavily damaged)
The flame tongue hits the centaur zombie.
The centaur zombie is severely damaged.
The centaur zombie misses you.
Casting: Flame Tongue
Confirm with . or Enter, or press ? or * to list all spells.
Aiming: Flame Tongue
Press: ? - help, Shift-Dir - straight line, f/p - centaur zombie
Aim: a centaur zombie (severely damaged)
You miscast Flame Tongue.
Nothing appears to happen.
The centaur zombie hits you.
* * * LOW HITPOINT WARNING * * *
The centaur zombie hits you.
You die...

.###.# #Z# #.##.......
#....# #.# #.###.#####
#...#######.# ##.....####
##..........####..........
#...o.............######.
#..##########..........(
#..# #.....###### #..#
########.Z##.# #..#
#........@...# #..#
#.........#### #..#
#..######.# #..# #..# #.#
#..###..# #.# #.....).#
#.# ##.####.## #..
#.###.#.## ### #....###.#


You could see a centaur zombie.

Vanquished Creatures
  2 adders (D:2)
  3 worms (D:2)
  A dart slug (D:1)
  2 leopard geckos
  An orc (D:3)
  A giant cockroach (D:1)
  4 goblins
  4 hobgoblins
  4 bats (D:1)
  2 frilled lizards
  5 kobolds
  4 rats
33 creatures vanquished.

Notes
Turn   | Place    | Note
-------+----------+-------------------------------------------
     0 | D:1      | McKennaii the Deep Elf Fire Elementalist began the quest for the Orb.
     0 | D:1      | Reached XP level 1. HP: 10/10 MP: 6/6
   372 | D:1      | Reached XP level 2. HP: 7/15 MP: 2/8
  1044 | D:2      | Reached skill level 4 in Fire Magic
  1104 | D:2      | Found a deep blue altar of Sif Muna.
  1267 | D:2      | Found a shimmering altar of Xom.
  1269 | D:2      | Found a shimmering altar of Xom.
  1269 | D:2      | Found a shimmering altar of Xom.
  1271 | D:2      | Found a blossoming altar of Fedhas.
  1271 | D:2      | Found an opulent altar of Gozag.
  1271 | D:2      | Found a radiant altar of Vehumet.
  1387 | D:2      | Reached XP level 3. HP: 14/19 MP: 6/9
  1408 | D:2      | Learned a level 3 spell: Conjure Flame
  1411 | D:2      | Learned a level 2 spell: Throw Flame
  1812 | D:3      | Found a sparkling altar of Nemelex Xobeh.
  1836 | D:3      | Slain by a centaur zombie

Skill      XL: |  1  2  3 |
---------------+----------+-----
Fire Magic     | 4 |  4.2
Conjurations   | 2 |  2.0
Dodging        | |  2.6
Stealth        | |  2.6
Spellcasting   | |  3.9

Action                   || total
-------------------------++-------
Melee: Unarmed           ||     2
 Cast: Flame Tongue      ||    56
       Throw Flame       ||     5
  Eat: Chunk             ||     2
Armor: Robe              ||     2
Dodge: Dodged            ||    16
